 Dungeon Crawl Stone Soup version 0.20.1-1-g8b1a95d (webtiles) character file.

74 Saithnar the Ruffian (level 4, -2/44 HPs)
             Began as a Troll Monk on Aug 17, 2017.
             Slain by ThereIsNoGod's ghost (6 damage)
             ... on level 3 of the Dungeon.
             The game lasted 00:06:19 (1653 turns).

Saithnar the Ruffian (Troll Monk)                   Turns: 1653, Time: 00:06:20

Health: -2/44      AC:  5    Str: 19    XL:     4   Next: 9%
Magic:  3/3        EV: 11    Int:  6    God:
Gold:   107        SH:  0    Dex: 13    Spells: 3/3 levels left

rFire    . . .     SeeInvis .     - Unarmed
rCold    . . .     Gourm    +   (no shield)
rNeg     . . .     Faith    .   a - +0 robe
rPois    .         Spirit   .   (helmet restricted)
rElec    .         Reflect  .   (no cloak)
rCorr    .         Harm     .   (gloves unavailable)
MR       .....                  (boots unavailable)
Stlth    +.........             (no amulet)
Regen    0.6/turn               (no ring)
MPRegen  0.1/turn               (no ring)

@: about to teleport
A: unfitting armour, claws 3, hooves 1, deterioration 1, fast metabolism 3,
gourmand, mutation resistance 1, regeneration 1, shaggy fur 1, tough skin 2
a: no special abilities


You were on level 3 of the Dungeon.
You were near starving.

You visited 1 branch of the dungeon, and saw 3 of its levels.

You collected 107 gold pieces.

Inventory:

Hand Weapons
 c - a cursed -2 spear
 k - a +0 rapier
 q - a +0 whip
 t - a cursed -2 dagger
Armour
 a - a +0 robe (worn)
 d - a +0 helmet
 p - a +0 ring mail
 s - a +0 ring mail
 u - a +0 leather armour
Jewellery
 e - an uncursed ring of resist corrosion {unknown}
Scrolls
 g - 2 scrolls of remove curse
 h - a scroll of teleportation
 i - 2 scrolls of recharging {unknown}
 m - a scroll of amnesia {unknown}
 o - a scroll of noise {unknown}
 r - a scroll of fog {unknown}
 v - a scroll of identify
Potions
 f - a potion of brilliance
Comestibles
 b - a bread ration
 j - 4 chunks of flesh
 l - 3 fruits
 n - a meat ration


   Skills:
 + Level 2.9 Fighting
 + Level 2.8 Dodging
 + Level 1.3 Stealth
 + Level 3.8 Unarmed Combat


You had 3 spell levels left.
You didn't know any spells.

Dungeon Overview and Level Annotations

Branches:
Dungeon (3/15)

Altars:
Uskayaw

Annotations:
D:3 ThereIsNoGod's ghost, amateur SpCj


Innate Abilities, Weirdness & Mutations

You are too large for most types of armour.
You have claws for hands.
Your metabolism is lightning-fast.
You like to eat raw meat.
Your natural rate of healing is unusually fast.
You are covered in fur. (AC +1)
You have very tough skin. (AC +2)
You have large cloven feet.
Your body sometimes deteriorates upon taking damage.
You are somewhat resistant to further mutation.


Message History

You feel yourself wasting away.
Your feet thicken and deform.
You feel genetically stable. ThereIsNoGod's ghost hits you.
* * * LOW HITPOINT WARNING * * *
You scratch ThereIsNoGod's ghost.
ThereIsNoGod's ghost is heavily damaged.
ThereIsNoGod's ghost hits you.
* * * LOW HITPOINT WARNING * * *
You writhe in agony.
* * * LOW HITPOINT WARNING * * *
Okay, then.
ThereIsNoGod's ghost hits you but does no damage.
You writhe in agony.
* * * LOW HITPOINT WARNING * * *
You aren't carrying any items that you can evoke.
You aren't carrying any items that you can evoke.
As you read the scroll labeled XYAFOMIULU, it crumbles to dust.
You feel strangely unstable.
It was a scroll of teleportation.
ThereIsNoGod's ghost hits you.
You die...

................##.#
..[................###
............#.##.....#
#.........#.#.#..#
#.(.............##
##....###.##.##.####
#...###..r.#.##....# ##...#
#..W.........## ##..#.#
#..@..........#
.#####.....###.............#
..............)......[.....#
#......#####.............#
#.##.....................#
###.##.#.#####.............#
#(.......# #...##..####....
#.......## #...###.# .....
......#..... ##........
##....


You could see ThereIsNoGod's ghost and a rat.

Vanquished Creatures
  3 adders
  An ooze (D:2)
  A worm (D:2)
  A dart slug (D:2)
  3 bats
  6 goblins
  4 hobgoblins
  4 jackals (D:1)
  2 quokkas
  3 kobolds
  10 rats
38 creatures vanquished.

Notes
Turn   | Place    | Note
-------+----------+-------------------------------------------
     0 | D:1      | Saithnar the Troll Monk began the quest for the Orb.
     0 | D:1      | Reached XP level 1. HP: 22/22 MP: 0/0
   389 | D:1      | Reached XP level 2. HP: 29/29 MP: 1/1
   656 | D:2      | Found a hide-covered altar of Uskayaw.
   684 | D:2      | Reached XP level 3. HP: 36/36 MP: 2/2
  1562 | D:3      | Gained mutation: You are resistant to electric shocks. (rElec) [potion of mutation]
  1562 | D:3      | Gained mutation: Your mind is acute. (Int +2) [potion of mutation]
  1562 | D:3      | Gained mutation: You possess an exceptional clarity of mind. [potion of mutation]
  1589 | D:3      | Reached XP level 4. HP: 41/44 MP: 3/3
  1633 | D:3      | Noticed ThereIsNoGod's ghost (amateur SpCj)
  1649 | D:3      | Lost mutation: Your mind is acute. (Int +2) [potion of mutation]
  1649 | D:3      | Lost mutation: You possess an exceptional clarity of mind. [potion of mutation]
  1649 | D:3      | Lost mutation: You are resistant to electric shocks. (rElec) [potion of mutation]
  1649 | D:3      | Gained mutation: Your body sometimes deteriorates upon taking damage. [potion of mutation]
  1649 | D:3      | Gained mutation: You have large cloven feet. [potion of mutation]
  1649 | D:3      | Gained mutation: You are somewhat resistant to further mutation. [potion of mutation]
  1651 | D:3      | HP: 2/44 [ThereIsNoGod's ghost (3)]
  1653 | D:3      | Slain by ThereIsNoGod's ghost

Action                   |  1- 3 |  4- 6 || total
-------------------------+-------+-------++-------
Melee: Unarmed           |    84 |    10 ||    94
       Punch             |     2 |       ||     2
  Use: Potion            |     6 |     1 ||     7
       Scroll            |     1 |     1 ||     2
 Stab: Sleeping          |     3 |       ||     3
  Eat: Chunk             |     6 |       ||     6
       Bread ration      |     1 |       ||     1
Armor: Robe              |    35 |     4 ||    39
Dodge: Dodged            |    60 |     4 ||    64
